 Dungeon Crawl Stone Soup version 0.20-b1-24-gb21faa7 (webtiles) character file.

6669 Ulluses the Grappler (level 10, -7/94 HPs)
             Began as a Troll Berserker on May 25, 2017.
             Was an Elder of Trog.
             Killed from afar by an electric eel (9 damage)
             ... with a bolt of electricity
             ... on level 8 of the Dungeon.
             The game lasted 00:35:54 (6417 turns).

Ulluses the Grappler (Troll Berserker)              Turns: 6417, Time: 00:35:56

Health: -7/94      AC:  5    Str: 30    XL:     10   Next: 73%
Magic:  9/9        EV: 12    Int:  3    God:    Trog [****..]
Gold:   357        SH:  0    Dex:  9    Spells: 9/9 levels left

rFire    . . .     SeeInvis +     - Unarmed
rCold    . . .     Gourm    +   (no shield)
rNeg     . . .     Faith    .   a - +0 animal skin
rPois    .         Spirit   .   (helmet restricted)
rElec    .         Reflect  .   (no cloak)
rCorr    .         Harm     +   (gloves unavailable)
MR       .....                  (boots unavailable)
Stlth    ++........             D - amulet of harm
Regen    0.7/turn               c - ring of see invisible
MPRegen  0.2/turn               (no ring)

@: berserk cooldown, slowed, very slow
A: unfitting armour, claws 3, fast metabolism 3, gourmand, regeneration 1,
shaggy fur 1, tough skin 2
a: Berserk, Trog's Hand, Brothers in Arms, Burn Spellbooks, Renounce Religion


You were on level 8 of the Dungeon.
You worshipped Trog.
Trog was greatly pleased with you.
You were very full.

You visited 2 branches of the dungeon, and saw 9 of its levels.

You collected 357 gold pieces.

Inventory:

Hand Weapons
 A - a +1 short sword of speed
 B - a +1 short sword of venom
 F - the +5 flail of Conformity {crush, MR+, unknown}
   (You found it on level 6 of the Dungeon)

   It inflicts extra damage upon your enemies.
   It affects your resistance to hostile enchantments.
 I - a +2 hand axe of draining
 J - a +2 dagger of venom
 K - a +0 shortbow
 R - a +3 dagger of chaos
Armour
 a - a +0 animal skin (worn)
 i - a +0 ring mail
 o - a +0 robe
 p - a +0 robe
 C - a +0 chain mail
 Q - a +0 helmet
Jewellery
 c - a ring of see invisible (left claw)
 j - an uncursed amulet of magic regeneration {unknown}
 x - an uncursed amulet of faith {unknown}
 D - an amulet of harm (around neck)
Wands
 s - a wand of polymorph (15/24)
 t - a wand of random effects (34/48)
 w - a wand of flame (23/48)
 y - a wand of lightning (11/15)
 N - a wand of confusion (25/48)
Scrolls
 f - 5 scrolls of identify {unknown}
 h - 2 scrolls of teleportation {unknown}
 k - 2 scrolls of amnesia {unknown}
 m - 2 scrolls of immolation {unknown}
 q - 5 scrolls of remove curse {unknown}
 r - 2 scrolls of fog {unknown}
 z - a scroll of random uselessness {unknown}
 G - a scroll of blinking {unknown}
 H - 2 scrolls of enchant armour {unknown}
 L - a scroll of magic mapping {unknown}
Potions
 d - 3 potions of agility {unknown}
 e - 5 potions of mutation {unknown}
 g - 3 potions of brilliance {unknown}
 n - a potion of lignification {unknown}
 E - a potion of might
 M - 2 potions of flight {unknown}
 O - a potion of invisibility {unknown}
Comestibles
 b - 7 bread rations
 l - 8 fruits
 u - 5 meat rations
 v - 6 royal jellies
 P - 16 chunks of flesh


   Skills:
 + Level 4.9 Fighting
 + Level 7.1 Dodging
 + Level 2.9 Stealth
 + Level 12.5 Unarmed Combat


You had 9 spell levels left.
You didn't know any spells.

Dungeon Overview and Level Annotations

Branches:
Dungeon (8/15)             Temple (1/1) D:6            Lair (0/6) D:8

Altars:
Ashenzari
Cheibriados
Dithmenos
Elyvilon
Fedhas
Gozag
Hepliaklqana
Kikubaaqudgha
Makhleb
Nemelex Xobeh
Okawaru
Sif Muna
Trog
Uskayaw
Vehumet
Xom
Yredelemnul
Zin
The Shining One

Shops:
D:7 (


Innate Abilities, Weirdness & Mutations

You are too large for most types of armour.
You have claws for hands.
Your metabolism is lightning-fast.
You like to eat raw meat.
Your natural rate of healing is unusually fast.
You are covered in fur. (AC +1)
You have very tough skin. (AC +2)


Message History

You feel a strong urge to attack something.
The electric eel shoots out a bolt of lightning at you!
The bolt of electricity hits you!
* * * LOW HITPOINT WARNING * * *
The electric eel shoots out a bolt of lightning at you!
The bolt of electricity misses you.
The electric eel shoots out a bolt of lightning at you!
The bolt of electricity hits you!
* * * LOW HITPOINT WARNING * * *
You feel your anger subside.
The electric eel shoots out a bolt of lightning at you!
The bolt of electricity misses you.
You enter the shallow water.
Moving in this stuff is going to be slow.
You are no longer berserk.
You are exhausted.
You feel yourself slow down.
The electric eel shoots out a bolt of lightning at you!
The bolt of electricity hits you!
You die...

###.........#....................
#####.............##...######+#
#.....#####....'÷..## .
..........≈........).#....
...........≈..≈....)........
....≈≈≈..≈≈≈≈≈≈.)≈.....)....
...≈≈≈≈≈≈≈≈≈≈≈≈≈≈≈..........
.≈≈≈≈;≈≈≈≈≈.≈≈≈≈≈.≈........
....≈≈≈≈...@..≈≈≈........##
..≈≈≈≈≈.≈≈...≈≈≈.≈≈......#
...........>..≈≈≈≈.......#
.≈≈≈≈≈≈.≈....≈≈≈≈.≈..#...#
.≈≈≈≈≈≈≈.≈≈≈≈.≈≈≈≈....
..≈≈≈≈≈≈;≈≈≈≈≈≈≈≈≈≈...
..≈.≈.≈≈≈≈≈≈≈≈≈≈≈≈≈..
...≈..≈≈≈≈≈≈≈≈≈≈..≈.
.≈.≈....≈≈≈≈≈≈≈.≈..


You could see 2 electric eels.

Vanquished Creatures
  Gastronok (D:8)
  The ghost of Caillou112 the Whirler, a novice HaHu of Okawaru (D:8)
  An unseen horror (D:7)
  Psyche (D:8)
  The ghost of Caillou112 the Skirmisher, an amateur CeHu (D:3)
  A troll (D:8)
  Prince Ribbit (D:7)
  2 hippogriffs (D:7)
  A wyvern (D:8)
  A human (D:7)
  4 hogs (D:7)
  Menkaure (D:7)
  A water moccasin (D:5)
  An ice beast (D:5)
  3 ogres
  2 wolves (D:8)
  2 centaurs (D:7)
  A bullfrog (D:6)
  A howler monkey (D:7)
  7 hounds
  A bullfrog skeleton (D:6)
  5 orc priests
  2 jellies (D:5)
  6 orc wizards
  A centaur skeleton (D:8)
  An iguana (D:8)
  2 worker ants (D:7)
  A killer bee zombie (D:4)
  A hound skeleton (D:5)
  2 worker ant zombies
  5 adders
  3 gnolls (D:4)
  A shadow imp (D:8)
  An ooze (D:7)
  3 adder skeletons
  3 worms (D:2)
  5 dart slugs
  5 leopard geckos
  15 orcs
  A ball python (D:3)
  6 bats
  6 giant cockroaches
  4 goblins
  2 hobgoblins
  6 jackals
  4 quokkas
  2 frilled lizards
  A jackal skeleton (D:5)
  2 kobolds (D:1)
  A leopard gecko zombie (D:6)
  A quokka skeleton (D:7)
  6 rats
139 creatures vanquished.

Notes
Turn   | Place    | Note
-------+----------+-------------------------------------------
     0 | D:1      | Ulluses the Troll Berserker began the quest for the Orb.
     0 | D:1      | Reached XP level 1. HP: 22/22 MP: 0/0
     3 | D:1      | Noticed a merfolk
     3 | D:1      | Noticed a human
     5 | D:1      | Noticed a dwarf
     5 | D:1      | Noticed an elf
     7 | D:1      | Noticed a halfling
     7 | D:1      | Noticed a ghoul
     9 | D:1      | Noticed a felid
    11 | D:1      | Noticed a demigod
    13 | D:1      | Noticed a vine stalker
    13 | D:1      | Noticed an octopode
    15 | D:1      | Noticed a naga
    15 | D:1      | Noticed a spriggan
    17 | D:1      | Noticed a demonspawn
    17 | D:1      | Noticed a draconian
    19 | D:1      | Noticed a gargoyle
    19 | D:1      | Noticed a tengu
    21 | D:1      | Noticed a vampire
    21 | D:1      | Noticed a troll
    24 | D:1      | Noticed a centaur
    26 | D:1      | Noticed a formicid
    26 | D:1      | Noticed a minotaur
    28 | D:1      | Noticed an ogre
    86 | D:1      | Reached XP level 2. HP: 29/29 MP: 1/1
  1025 | D:2      | Reached XP level 3. HP: 36/36 MP: 2/2
  1130 | D:2      | Reached ** piety under Trog
  1559 | D:2      | Reached skill level 4 in Unarmed Combat
  1574 | D:2      | Found a hide-covered altar of Uskayaw.
  1803 | D:3      | Noticed Caillou112's ghost (amateur CeHu)
  1808 | D:3      | Reached XP level 4. HP: 42/44 MP: 3/3
  1814 | D:3      | Killed Caillou112's ghost
  1814 | D:3      | Reached skill level 5 in Unarmed Combat
  1814 | D:3      | Reached XP level 5. HP: 53/53 MP: 4/4
  1814 | D:3      | Reached XP level 6. HP: 61/61 MP: 5/5
  1937 | D:3      | You fall through a shaft!
  2184 | D:4      | Reached skill level 6 in Unarmed Combat
  2495 | D:5      | Entered Level 5 of the Dungeon
  2561 | D:5      | Noticed a water moccasin
  2566 | D:5      | Killed a water moccasin
  2566 | D:5      | Reached XP level 7. HP: 47/67 MP: 6/6
  2890 | D:5      | Reached skill level 7 in Unarmed Combat
  3251 | D:5      | Reached XP level 8. HP: 75/75 MP: 7/7
  3256 | D:5      | Found a burning altar of Makhleb.
  3493 | D:6      | Reached *** piety under Trog
  3607 | D:6      | Got an iridescent flail
  3621 | D:6      | Reached skill level 8 in Unarmed Combat
  3628 | D:6      | Reached skill level 1 in Stealth
  3723 | D:6      | Found a hazy altar of Hepliaklqana.
  3786 | D:6      | Reached skill level 5 in Dodging
  4045 | D:6      | Found a staircase to the Ecumenical Temple.
  4062 | Temple   | Entered the Ecumenical Temple
  4926 | D:7      | Noticed Menkaure
  4935 | D:7      | Killed Menkaure
  4970 | D:7      | Reached skill level 9 in Unarmed Combat
  4981 | D:7      | Reached XP level 9. HP: 51/84 MP: 8/8
  5300 | D:7      | Noticed an unseen horror
  5310 | D:7      | Killed an unseen horror
  5310 | D:7      | Reached skill level 10 in Unarmed Combat
  5334 | D:7      | Noticed Prince Ribbit
  5338 | D:7      | Killed Prince Ribbit
  5357 | D:7      | Found Kogaaf's Antique Weapon Shoppe.
  5749 | D:7      | Reached skill level 11 in Unarmed Combat
  6072 | D:8      | Noticed Caillou112's ghost (novice HaHu)
  6087 | D:8      | Killed Caillou112's ghost
  6087 | D:8      | Reached XP level 10. HP: 87/94 MP: 9/9
  6126 | D:8      | Noticed Gastronok
  6133 | D:8      | Killed Gastronok
  6133 | D:8      | Reached skill level 12 in Unarmed Combat
  6152 | D:8      | Reached **** piety under Trog
  6199 | D:8      | Found a staircase to the Lair.
  6241 | D:8      | Noticed Psyche
  6247 | D:8      | Killed Psyche
  6415 | D:8      | HP: 1/141 [electric eel/bolt of electricity (12)]
  6417 | D:8      | Killed from afar by an electric eel

Skill      XL: |  1  2  3  4  5  6  7  8  9 10 |
---------------+-------------------------------+-----
Unarmed Combat | 4 5 6 7 9 11 12 | 12.5
Dodging        | 3 4 5 6 7 |  7.1
Fighting       | 3 4 |  4.9
Stealth        | 1 2 |  2.9

Action                   |  1- 3 |  4- 6 |  7- 9 | 10-12 || total
-------------------------+-------+-------+-------+-------++-------
Melee: Unarmed           |    94 |    62 |   175 |    50 ||   381
       Punch             |     1 |       |     3 |     1 ||     5
Invok: Berserk           |     2 |     3 |     4 |     2 ||    11
 Stab: Sleeping          |       |       |     1 |     1 ||     2
  Eat: Chunk             |    15 |    16 |    36 |     5 ||    72
       Fruit             |       |     1 |       |       ||     1
Armor: Animal skin       |    36 |    12 |    27 |    12 ||    87
Dodge: Dodged            |    43 |    39 |    80 |    31 ||   193
